 Dungeon Crawl Stone Soup version 0.23.2-40-g277498a001 (webtiles) character file.

Game seed: 16732200796555708566

59 Kukuleta the Sneak (level 3, -1/16 HPs)
             Began as a Spriggan Earth Elementalist on Sept 22, 2019.
             Slain by an orc
             ... wielding a +0 dagger
              (4 damage)
             ... on level 2 of the Dungeon.
             The game lasted 00:09:53 (1779 turns).

Kukuleta the Sneak (Spriggan Earth Elementalist)    Turns: 1779, Time: 00:09:54

Health: -1/16      AC:  2    Str:  4    XL:     3   Next: 78%
Magic:  4/8        EV: 18    Int: 17    God:
Gold:   41         SH:  0    Dex: 16    Spells: 6/7 levels left

rFire    . . .     SeeInvis +   (weapon restricted)
rCold    . . .     Gourm    .   (shield restricted)
rNeg     . . .     Faith    .   c - +0 robe
rPois    .         Spirit   .   (helmet restricted)
rElec    .         Reflect  .   (no cloak)
rCorr    .         Harm     .   (gloves unavailable)
MR       .....                  (boots unavailable)
Stlth    +++.......             (no amulet)
HPRegen  0.05/turn              (no ring)
MPRegen  0.11/turn              (no ring)

@: very quick
A: very small, unfitting armour, see invisible, herbivore, speed 3, slow
metabolism 2
a: no special abilities


You were on level 2 of the Dungeon.
You were not hungry.

You visited 1 branch of the dungeon, and saw 3 of its levels.

You collected 41 gold pieces.

Inventory:

Hand Weapons
 j - a +0 club
Missiles
 b - 7 stones (quivered)
Armour
 c - a +0 robe (worn)
 q - a cursed +0 robe
Jewellery
 i - an uncursed ring of protection from cold {unknown}
Scrolls
 a - a scroll of noise {unknown}
 e - a scroll of random uselessness {unknown}
 f - a scroll of fear {unknown}
 g - a scroll of blinking {unknown}
 h - a scroll of teleportation
 l - a scroll of immolation {unknown}
 n - a scroll of enchant armour {unknown}
 o - a scroll of identify {unknown}
Potions
 k - 2 potions of magic {unknown}
 m - a potion of curing {unknown}
 p - a potion of berserk rage {unknown}
Comestibles
 d - 4 rations


   Skills:
 - Level 3.0 Dodging
 + Level 5.1 Stealth
 - Level 2.6 Spellcasting
   Level 1.3 Transmutations
 + Level 3.6 Earth Magic


You had 6 spell levels left.
You knew the following spells:

 Your Spells              Type           Power        Failure   Level  Hunger
a - Sandblast             Erth           ##....       4%          1    #......

Your spell library contained the following spells:

 Spells                   Type           Power        Failure   Level  Hunger
 Passwall                 Tmut/Erth      ##......     10%         2    ##.....
 Stone Arrow              Conj/Erth      #.....       26%         3    ###....
 Petrify                  Tmut/Erth      ##......     54%         4    #####..
 Lee's Rapid Deconstruct  Erth           ##........   75%         5    ######.


Dungeon Overview and Level Annotations

Branches:
Dungeon (3/15)

Altars:
Ru


Innate Abilities, Weirdness & Mutations

You are very small and have problems with some larger weapons.
You are too small for most types of armour.
You have supernaturally acute eyesight. (SInv)
You are a herbivore.
You cover ground extremely quickly.
You need to consume almost no food.


Message History

Aiming: Sandblast (safe; 4% risk of failure)
Press: ? - help, Shift-Dir - straight line, f - orc wizard
Aim: an orc wizard, wielding a +0 dagger and wearing a +0 robe (moderately wounded)
The blast of sand hits the orc wizard.
The orc wizard is heavily wounded.
b - 8 stones The orc hits you with a +0 dagger.
The orc wizard points at you and mumbles some strange words.
The magic dart hits you!
* * * LOW HITPOINT WARNING * * *
Casting: Sandblast (safe; 4% risk of failure)
Confirm with . or Enter, or press ? or * to list all spells.
Aiming: Sandblast (safe; 4% risk of failure)
Press: ? - help, Shift-Dir - straight line, f/p - orc wizard
Aim: an orc wizard, wielding a +0 dagger and wearing a +0 robe (heavily wounded)
The blast of sand hits the orc wizard.
The orc wizard is almost dead.
b - 7 stones The orc hits you with a +0 dagger.
You die...

####### ##
#.....############.
#.>...+..........'.
#..[..############.
######...........######.
#.....o@o........'......
#.#####..........######.
#####.# #..........# #.
#...#.################
##### #.#...........#
#.... #.###.#######'##
#.#.. #<....# #......##
#.#.# ####### #..†....#
#..<.
#.......############


You could see an orc wizard and an orc.

Vanquished Creatures
  A worm (D:2)
  A dart slug (D:2)
  A leopard gecko (D:1)
  An orc (D:3)
  6 bats
  4 giant cockroaches
  5 goblins
  9 hobgoblins
  3 jackals (D:2)
  3 frilled lizards (D:2)
  6 kobolds
  9 rats
49 creatures vanquished.

Notes
Turn   | Place    | Note
-------+----------+-------------------------------------------
     0 | D:1      | Kukuleta the Spriggan Earth Elementalist began the quest
                  | for the Orb.
     0 | D:1      | Reached XP level 1. HP: 9/9 MP: 5/5
    75 | D:1      | Reached XP level 2. HP: 8/13 MP: 0/6
   485 | D:1      | Reached skill level 4 in Stealth
   983 | D:2      | Reached XP level 3. HP: 16/16 MP: 6/8
  1286 | D:2      | Found a sacrificial altar of Ru.
  1355 | D:2      | Reached skill level 5 in Stealth
  1779 | D:2      | Slain by an orc

Skill      XL: |  1  2  3 |
---------------+----------+-----
Earth Magic    | 3 |  3.6
Stealth        | 4 5 |  5.1
Dodging        | |  3.0
Spellcasting   | |  2.6
Transmutations | |  1.3

Action                   || total
-------------------------++-------
Melee: Unarmed           ||    16
Throw: Stone             ||     4
 Cast: Sandblast         ||    73
  Use: Scroll            ||     1
Armor: Robe              ||     2
Dodge: Dodged            ||    29
